 Dungeon Crawl Stone Soup version 0.28-a0-664-gc179e30c89 (webtiles) character file.

Game seed: 14722075392093512924

110748 ipx the Gelid (level 16, -23/84 (96) HPs)
             Began as a Deep Elf Ice Elementalist on Oct 16, 2021.
             Was a High Priest of Sif Muna.
             Killed from afar by a deep elf death mage (32 damage)
             ... with a bolt of negative energy
             ... on level 2 of the Elven Halls.
             The game lasted 03:42:35 (11519 turns).

ipx the Gelid (Deep Elf Ice Elementalist)          Turns: 11519, Time: 03:42:36

HP:   -23/84 (96)   AC: 32    Str:  5    XL:     16   Next: 7%
MP:   11/34         EV: 14    Int: 31    God:    Sif Muna [*****.]
Gold: 61            SH:  5    Dex: 15    Spells: 5/39 levels left

rFire   + . .      SeeInvis .   K - staff of conjuration
rCold   + . .      Faith    .   L - +0 buckler
rNeg    . . .      Spirit   .   M - +5 acid dragon scales of Lucidity {rC+ rCorr Int+3}
rPois   .          Reflect  .   w - +1 hat {Will+}
rElec   .          Harm     .   h - +2 cloak
rCorr   +          Rampage  .   W - +2 pair of gloves {archery}
Will    ++...                   j - +0 pair of boots
Stlth   ++........              J - amulet of regeneration
HPRegen 1.24/turn               f - ring of protection from fire
MPRegen 0.24/turn               p - +4 ring of protection

@: ice-armoured, channelling, studying 2 skills, heavily drained
A: no striking features
a: Renounce Religion, Channel Magic, Forget Spell, Divine Exegesis


You were on level 2 of the Elven Halls.
You worshipped Sif Muna.
Sif Muna was extremely pleased with you.
You visited 4 branches of the dungeon, and saw 22 of its levels.
You also visited: Bailey, Gauntlet and Ice Cave.

You collected 3035 gold pieces.
You spent 2974 gold pieces at shops.

Inventory:

Hand Weapons
 k - a +0 falchion of distortion
 q - a +1 whip of pain
Missiles
 l - a curare-tipped dart (quivered)
Armour
 h - a +2 cloak (worn)
 j - a +0 pair of boots (worn)
 w - a +1 hat of willpower (worn)
 y - a +2 helmet of intelligence
 L - a +0 buckler (worn)
 M - the +5 acid dragon scales of Lucidity (worn) {rC+ rCorr Int+3}
   (You found it in a Gauntlet)

   Int:       It affects your intelligence (+3).
   rC:        It protects you from cold.
   rCorr:     It protects you from acid and corrosion.
 W - a +2 pair of gloves of archery (worn)
Magical Staves
 a - a staff of air
 K - a staff of conjuration (weapon)
Jewellery
 f - a ring of protection from fire (left hand)
 m - a ring of willpower
 n - a ring of flight
 p - a +4 ring of protection (right hand)
 v - a ring of see invisible
 z - a ring of resist corrosion
 J - an amulet of regeneration (around neck)
Wands
 t - a wand of paralysis (7)
 O - a wand of digging (6)
 Q - a wand of polymorph (29)
 R - a wand of charming (14)
 Z - a wand of iceblast (18)
Scrolls
 b - a scroll of vulnerability {unknown}
 e - a scroll of torment {unknown}
 g - 4 scrolls of enchant armour
 o - 2 scrolls of fear
 r - a scroll of magic mapping
 u - 5 scrolls of blinking
 x - 3 scrolls of fog
 E - 2 scrolls of immolation
 H - 6 scrolls of amnesia
 I - 3 scrolls of teleportation
 N - 5 scrolls of noise
 P - 3 scrolls of silence
 T - 2 scrolls of summoning
Potions
 c - 2 potions of lignification
 d - 3 potions of might
 i - 6 potions of brilliance
 s - a potion of berserk rage {unknown}
 B - 2 potions of invisibility {unknown}
 C - 6 potions of curing
 F - 2 potions of mutation
 G - 3 potions of haste
 S - a potion of ambrosia
 U - 3 potions of resistance
 V - 2 potions of magic
 X - 4 potions of cancellation
Miscellaneous
 A - a phial of floods
 D - a tin of tremorstones (2/2)
 Y - a box of beasts


   Skills:
 - Level 9.0 Fighting
 - Level 12.0 Staves
 - Level 10.0 Dodging
 - Level 2.4 Stealth
 - Level 4.0 Shields
 - Level 12.0 Spellcasting
 - Level 8.0 Conjurations
 - Level 3.1 Hexes
 - Level 12.0 Necromancy
 + Level 15.3 Ice Magic
 - Level 3.0 Air Magic
 - Level 8.0 Earth Magic
 - Level 8.0 Invocations
 - Level 9.0 Evocations


You had 5 spell levels left.
You knew the following spells:

 Your Spells              Type           Power      Damage    Failure   Level
c - Borgnjor's Vile Clut  Necr/Erth      34%        N/A       2%          5
d - Animate Dead          Necr           37%        N/A       1%          4
f - Freezing Cloud        Conj/Ice/Air   41%        6-21      4%          5
g - Ozocubu's Refrigerat  Ice            42%        4d13      9%          7
h - Ensorcelled Hibernat  Hex/Ice        100%       N/A       1%          2
o - Ozocubu's Armour      Ice            85%        N/A       1%          3
r - Frozen Ramparts       Ice            100%       1d12      1%          3
s - Hailstorm             Conj/Ice       94%        3d19      1%          4
z - Freeze                Ice            100%       1d11      0%          1

Your spell library contained the following spells:

 Spells                   Type           Power      Damage    Failure   Level
 Magic Dart               Conj           100%       1d8       1%          1
 Pain                     Necr           100%       1d9       1%          1
 Shock                    Conj/Air       100%       1d9       1%          1
 Searing Ray              Conj           100%       2d8       1%          2
 Static Discharge         Conj/Air       68%        N/A       1%          2
 Dazzling Flash           Conj/Hex       100%       N/A       1%          3
 Stone Arrow              Conj/Erth      100%       3d13      1%          3
 Agony                    Necr           75%        N/A       1%          5
 Excruciating Wounds      Necr           37%        N/A       1%          5
 Slow                     Hex            38%        N/A       2%          2
 Ice Form                 Ice/Tmut       60%        N/A       2%          4
 Metabolic Englaciation   Hex/Ice        33%        N/A       3%          5
 Poisonous Vapours        Pois/Air       54%        N/A       4%          2
 Confusing Touch          Hex            38%        N/A       4%          3
 Swiftness                Air            37%        N/A       4%          3
 Tukima's Dance           Hex            38%        N/A       4%          3
 Sting                    Tmut/Pois      72%        1d6       6%          1
 Fulminant Prism          Conj/Hex       34%        3d16      6%          4
 Leda's Liquefaction      Hex/Erth       26%        N/A       6%          4
 Blink                    Tloc           N/A        N/A       9%          2
 Iskenderun's Mystic Bla  Conj/Tloc      60%        2d13      11%         4
 Gell's Gravitas          Tloc           9%         N/A       17%         3
 Ignite Poison            Fire/Tmut/Pois 18%        N/A       17%         3
 Teleport Other           Tloc           18%        N/A       17%         3
 Airstrike                Air            18%        N/A       17%         4
 Summon Lightning Spire   Summ/Air       27%        N/A       30%         4
 Fireball                 Conj/Fire      30%        3d13      30%         5
 Silence                  Hex/Air        18%        N/A       41%         5
 Summon Mana Viper        Hex/Summ       28%        N/A       63%         5
 Yara's Violent Unravell  Hex/Tmut       14%        3d7       63%         5
 Summon Forest            Summ/Tloc      9%         N/A       85%         5
 Simulacrum               Ice/Necr       40%        N/A       3%          6
 Death Channel            Necr           37%        N/A       6%          6
 Statue Form              Tmut/Erth      28%        N/A       86%         6
 Orb of Destruction       Conj           40%        9d14      88%         7
 Dispersal                Tloc           9%         N/A       100%        6
 Malign Gateway           Summ/Tloc      9%         N/A       100%        7
 Storm Form               Tmut/Air       13%        N/A       100%        7
 Chain Lightning          Conj/Air       34%        3d45      100%        9
 Fire Storm               Conj/Fire      30%        8d8       100%        9


Dungeon Overview and Level Annotations

Branches:
Dungeon (12/15)            Temple (0/1) D:6            Lair (6/6) D:10
  Swamp (0/4) Lair:4       Spider (0/4) Lair:2        Slime (0/5) Lair:6
    Orc (2/2) D:9             Elf (2/3) Orc:2        Bailey (visited)
  IceCv (visited)         Gauntlet (visited)

Altars:
Hepliaklqana
Okawaru
Ru
Sif Muna
Trog
Uskayaw
Wu Jian
Xom
Yredelemnul
Zin

Shops:
D:1 =   D:4 [   D:10 =*[[   Orc:2 *[=(   Elf:1 ::?*

Portals:
Abyss: Lair:5
Bazaar: Elf:1

Annotations:
D:4 Menkaure
D:9 3 runed translucent doors
D:12 Urug
Lair:3 1 runed translucent door, Killmatronix's ghost, journeyman SpBe
Lair:5 2 transporters, Ymidutt's ghost, journeyman GnFi
Orc:1 1 runed translucent door, Ziowonau's ghost, journeyman MiFi
Elf:2 1 runed translucent door, Roxanne


Message History

The +2 war axe of freezing hits you but does no damage.
You hit the +2 war axe of freezing but do no damage.
The +2 war axe of freezing hits you! The +2 war axe of freezing freezes you.
You're wearing all the rings you can.
Remove which one? (? for menu, Esc to cancel) < or
m - a ring of willpower; > or
p - a +4 ring of protection You remove your ring of willpower.
f - a ring of protection from fire (left hand)
A deep elf death mage comes into view. It is wielding a +0 long sword.
The +2 war axe of freezing hits you! The +2 war axe of freezing freezes you.
The +2 war axe of freezing completely misses you.
A deep elf pyromancer comes into view. It is wielding a +0 rapier.
Casting: Ozocubu's Armour (safe; 1% risk of failure)
Confirm with . or Enter, or press ? or * to list all spells.
Aiming: Freezing Cloud (dangerous; 4% risk of failure)
Press: ? - help, Dir - move target You feel a surge of power!
The deep elf pyromancer shouts!
You block the +2 war axe of freezing's attack.
The deep elf death mage is engulfed in freezing vapours.
The deep elf death mage gestures at you while chanting.
The bolt of negative energy hits you!!!
You feel drained. The +2 war axe of freezing hits you.
* * * LOW HITPOINT WARNING * * *
Okay, then.
Unknown command.
Okay, then.
Unknown command.
You hit the +2 war axe of freezing but do no damage.
You blast the +2 war axe of freezing.
The +2 war axe of freezing is lightly damaged.
The deep elf knight is engulfed in freezing vapours.
The +2 war axe of freezing hits you!
* * * LOW HITPOINT WARNING * * *
The +2 war axe of freezing freezes you.
* * * LOW HITPOINT WARNING * * *
The deep elf death mage is engulfed in freezing vapours.
The deep elf death mage casts a spell at you.
The bolt of negative energy hits you!!
You feel drained.
You die...

#. .e .. ### # #
.. §§e .###.. ..
#e# #.#.... ..
#§§###....... ..
.§§§.#...... 8. #
#.#.##...... ..
.##.##.#(@.......
#.
.................
##..............
...?.............
##..........#....
..
#..........###..
## ####.......# #
###### #.......#
.###....##
#.......#


You could see a deep elf death mage, a deep elf knight, a deep elf pyromancer
and a +2 war axe of freezing.

Vanquished Creatures
  Gastronok (Lair:1)
  2 orc warlords (Orc:2)
  A deep elf elementalist (Elf:1)
  A minotaur (Gauntlet)
  A deep elf high priest (Elf:1)
  7 hydras
  A boulder beetle (Lair:5)
  A catoblepas (Lair:6)
  13 dancing weapons
  7 two-headed ogres
  3 orc high priests (Orc:2)
  10 death yaks
  7 deep elf knights (Elf:1)
  A fire crab (Lair:6)
  A goliath frog (Lair:6)
  Nergalle (D:12)
  8 deep elf archers (Elf:1)
  2 lindwurms (Lair:6)
  Pikel (D:4)
  3 orc knights (Orc:2)
  20 deep elf pyromancers
  20 deep elf zephyrmancers (Elf:1)
  6 orc sorcerers
  An oklob plant (Gauntlet)
  3 cyclopes
  A manticore (D:12)
  2 moths of wrath (Gauntlet)
  16 elephants
  4 black mambas
  A torpor snail (Lair:3)
  An ice statue (IceCv)
  A gargoyle (D:11)
  15 cane toads
  2 ice devils (Lair:3)
  2 komodo dragons (Lair:2)
  An unseen horror (D:12)
  2 rime drakes
  A queen bee (shapeshifter) (Elf:1)
  4 tyrant leeches
  3 trolls
  2 polar bears
  14 blink frogs (Lair:6)
  4 slime creatures (IceCv)
  9 dream sheep
  5 redbacks
  Sigmund (D:5)
  4 wyverns
  44 yaks
  Grum (D:10)
  4 humans (D:10)
  A golden eye (shapeshifter) (Elf:1)
  A fire elemental (Elf:1)
  A steam dragon (D:5)
  5 vampire mosquitoes (Lair:6)
  2 acid dragons (Gauntlet)
  6 wargs (Orc:1)
  A demonic crawler simulacrum (IceCv)
  11 water moccasins
  2 sky beasts
  43 orc warriors
  2 ugly thing simulacra (IceCv)
  A necrophage (D:7)
  3 black bears
  8 ogres
  17 wolves
  10 centaurs
  A phantom (D:6)
  4 kobold brigands (D:9)
  Blork the orc (D:5)
  15 bullfrogs
  2 earth elementals (Elf:1)
  4 gnoll sergeants (D:9)
  5 scorpions
  2 wyvern zombies
  2 glowing shapeshifter simulacra (IceCv)
  A water moccasin skeleton (D:5)
  21 killer bees
  3 wights (D:6)
  2 howler monkeys
  A bullfrog zombie (D:6)
  5 centaur zombies
  2 hounds (D:5)
  5 bullfrog skeletons
  3 gnoll shamans
  2 jellies
  16 orc priests
  2 centaur skeletons
  Jessica (D:3)
  21 orc wizards
  6 iguanas
  A scorpion zombie (D:5)
  6 hell rats (Lair:5)
  Natasha (twice) (D:2)
  2 mummies (D:7)
  A howler monkey zombie (D:7)
  13 gnolls
  A howler monkey skeleton (D:5)
  7 adders
  5 river rats (D:6)
  A worm (D:2)
  2 dart slugs
  99 orcs
  4 bats (D:2)
  5 endoplasms
  2 giant cockroaches
  2 goblins
  4 hobgoblins
  9 jackals
  2 quokkas
  2 ball pythons
  3 frilled lizards
  7 kobolds
  18 rats
  A butterfly (Lair:1)
706 creatures vanquished.

Vanquished Creatures (collateral kills)
  A hydra (Lair:6)
  An elephant (Lair:6)
  3 cane toads (Lair:6)
  A tyrant leech (Lair:6)
  2 water moccasins (Lair:6)
  An orc warrior (Orc:2)
  2 orcs (Orc:2)
11 creatures vanquished.

Vanquished Creatures (others)
  A cane toad (Lair:6)
  28 fungi
  148 plants
  2 withered plants (D:7)
179 creatures vanquished.

Grand Total: 896 creatures vanquished

Notes
Turn   | Place    | Note
-------+----------+-------------------------------------------
     0 | D:1      | ipx the Deep Elf Ice Elementalist began the quest for the
                  | Orb.
     0 | D:1      | Reached XP level 1. HP: 10/10 MP: 6/6
   179 | D:1      | Reached XP level 2. HP: 14/15 MP: 2/8
   243 | D:1      | Found a faded altar of an unknown god.
   257 | D:1      | Found Qaez Nut's Jewellery Shoppe.
   288 | D:2      | Reached skill level 5 in Ice Magic
   327 | D:2      | Noticed Natasha
   335 | D:2      | Killed Natasha
   336 | D:2      | Reached XP level 3. HP: 12/19 MP: 5/9
   340 | D:2      | Learned a level 3 spell: Frozen Ramparts
   344 | D:2      | Learned a level 3 spell: Ozocubu's Armour
   377 | D:2      | Noticed Natasha
   497 | D:2      | Killed Natasha
   498 | D:2      | Reached skill level 6 in Ice Magic
   498 | D:2      | Reached XP level 4. HP: 14/24 MP: 1/10
   737 | D:3      | Noticed Jessica
   749 | D:3      | Killed Jessica
   839 | D:3      | Reached XP level 5. HP: 15/28 MP: 6/11
   856 | D:3      | Reached skill level 7 in Ice Magic
   999 | D:4      | Learned a level 2 spell: Ensorcelled Hibernation
  1007 | D:4      | Noticed Menkaure
  1191 | D:5      | Entered Level 5 of the Dungeon
  1208 | D:5      | Found a glowing silver altar of Zin.
  1231 | D:5      | Noticed Sigmund
  1239 | D:5      | Killed Sigmund
  1240 | D:5      | Reached XP level 6. HP: 17/32 MP: 5/12
  1244 | D:5      | Found a shimmering altar of Xom.
  1245 | D:5      | Found a hazy altar of Hepliaklqana.
  1265 | D:5      | Noticed a spectral ugly thing
  1436 | D:5      | Noticed a sky beast
  1489 | D:4      | Reached skill level 8 in Ice Magic
  1494 | D:4      | Learned a level 4 spell: Hailstorm
  1501 | D:4      | Found Hiax Bel's Antique Armour Shoppe.
  1510 | D:4      | Reached skill level 1 in Conjurations
  1548 | D:4      | Bought a warped leather armour for 168 gold pieces
  1548 | D:4      | Identified the +1 leather armour of the Forest {rF+ Dex+3
                  | Stlth+} (You bought it in a shop on level 4 of the Dungeon)
  1610 | D:4      | Noticed Pikel
  1618 | D:4      | Killed Pikel
  1619 | D:4      | Reached XP level 7. HP: 34/36 MP: 5/18
  1653 | D:5      | Noticed Blork the orc
  1667 | D:5      | Reached XP level 8. HP: 25/41 MP: 5/20
  1709 | D:5      | Killed Blork the orc
  1836 | D:5      | Found a shimmering blue altar of Sif Muna.
  1883 | D:5      | Became a worshipper of Sif Muna the Loreminder
  1890 | D:5      | Found an iron altar of Okawaru.
  1931 | D:5      | Reached skill level 1 in Staves
  1931 | D:5      | Reached skill level 9 in Ice Magic
  1931 | D:5      | Reached skill level 1 in Evocations
  2033 | D:5      | Reached skill level 5 in Conjurations
  2085 | D:5      | Reached XP level 9. HP: 35/45 MP: 4/23
  2148 | D:5      | Reached * piety under Sif Muna
  2315 | D:6      | Found a staircase to the Ecumenical Temple.
  2359 | D:6      | Reached skill level 1 in Invocations
  2440 | D:6      | Reached skill level 5 in Evocations
  2494 | D:6      | Found a sacrificial altar of Ru.
  2600 | D:6      | Reached ** piety under Sif Muna
  2651 | D:6      | Reached skill level 5 in Staves
  2675 | D:6      | Found a hide-covered altar of Uskayaw.
  3050 | D:7      | Found a flagged portal.
  3084 | Bailey   | Entered a bailey
  3091 | Bailey   | Reached XP level 10. HP: 32/50 MP: 8/24
  3180 | Bailey   | Reached *** piety under Sif Muna
  3405 | Bailey   | Reached skill level 5 in Invocations
  3960 | D:1      | Acquired 859 gold pieces
  3962 | D:1      | Bought an amulet of regeneration for 420 gold pieces
  3962 | D:1      | Bought a ring of resist corrosion for 280 gold pieces
  3962 | D:1      | Bought a ring of see invisible for 210 gold pieces
  4248 | D:8      | Reached **** piety under Sif Muna
  4372 | D:8      | Found a bloodstained altar of Trog.
  4400 | D:8      | Noticed a two-headed ogre
  4409 | D:8      | Killed a two-headed ogre
  4466 | D:9      | Found a runed translucent gate.
  4467 | D:9      | Found a runed translucent gate.
  4468 | D:9      | Found a runed translucent gate.
  4469 | D:9      | Noticed a cyan ugly thing
  4469 | D:9      | Noticed a cyan ugly thing
  4477 | D:9      | Noticed a green ugly thing
  4477 | D:9      | Noticed a cyan ugly thing
  4477 | D:9      | Noticed a red ugly thing
  4622 | D:9      | Found a staircase to the Orcish Mines.
  4626 | D:9      | Reached skill level 1 in Fighting
  4627 | D:9      | Reached XP level 11. HP: 41/56 MP: 6/25
  4900 | D:10     | Entered Level 10 of the Dungeon
  4917 | D:10     | Noticed a two-headed ogre
  4926 | D:10     | Killed a two-headed ogre
  4927 | D:10     | Reached skill level 5 in Dodging
  4975 | D:10     | Reached ***** piety under Sif Muna
  4987 | D:10     | Found a basalt altar of Yredelemnul.
  5111 | D:10     | Reached skill level 5 in Fighting
  5304 | D:10     | Received a gift from Sif Muna
  5305 | D:10     | Got Sif Muna's Compendium of Aerial Poisoning {god gift}
  5347 | D:10     | Noticed Grum
  5353 | D:10     | Killed Grum
  5382 | D:10     | You fall into a shaft and drop 2 floors!
  5382 | D:12     | Noticed a two-headed ogre
  5400 | D:12     | Killed a two-headed ogre
  5401 | D:12     | Noticed a two-headed ogre
  5410 | D:12     | Noticed Urug
  5424 | D:12     | Killed a two-headed ogre
  5425 | D:12     | Reached XP level 12. HP: 15/70 MP: 22/26
  5488 | D:12     | Noticed Nergalle
  5495 | D:12     | Killed Nergalle
  5580 | D:11     | Found a gate leading to a gauntlet.
  5591 | Gauntlet | Entered a Gauntlet
  5591 | Gauntlet | Found a transporter.
  5591 | Gauntlet | Found a transporter.
  5591 | Gauntlet | Found a transporter.
  5592 | Gauntlet | Found a transporter.
  5593 | Gauntlet | Found a transporter.
  5596 | Gauntlet | Found a transporter.
  5603 | Gauntlet | Found a transporter.
  5605 | Gauntlet | Found a transporter.
  5606 | Gauntlet | Found a transporter.
  5608 | Gauntlet | Found a transporter.
  5694 | Gauntlet | Identified the amulet "Nenlank" {Spirit rPois Str-4 Dex+5}
  5707 | Gauntlet | Found a transporter.
  5716 | Gauntlet | Reached skill level 10 in Dodging
  5758 | Gauntlet | Found a transporter.
  5764 | Gauntlet | Identified the +9 trident "Vosekeowk" {venom, Str+3}
  5764 | Gauntlet | Noticed a minotaur
  5775 | Gauntlet | Killed a minotaur
  5786 | Gauntlet | Identified the +5 acid dragon scales of Lucidity {rC+ rCorr
                  | Int+3}
  5790 | Gauntlet | Got the Almanac of Orientation
  5793 | Gauntlet | Identified the +1 robe of Gravitas {Int+6 Stlth+}
  5879 | D:11     | Noticed a boulder beetle
  5883 | D:10     | Noticed a two-headed ogre
  5896 | D:10     | Killed a two-headed ogre
  6039 | D:10     | Found Soujidy's Armour Shop.
  6043 | D:10     | Found Wiucig's Jewellery Shop.
  6043 | D:10     | Found Pestuvus's Armour Shop.
  6044 | D:10     | Found Jicaheen's Assorted Antiques.
  6070 | D:10     | Bought a +0 helmet of intelligence for 115 gold pieces
  6080 | D:10     | Bought a scroll of identify for 46 gold pieces
  6093 | D:10     | Bought a +4 ring of protection for 396 gold pieces
  6097 | D:10     | Bought 2 sedimented red potions for 41 gold pieces
  6172 | D:10     | Found a staircase to the Lair.
  6188 | Lair:1   | Entered Level 1 of the Lair of Beasts
  6293 | Lair:1   | Reached skill level 10 in Staves
  6295 | Lair:1   | Reached skill level 10 in Spellcasting
  6375 | Lair:1   | Noticed Gastronok
  6403 | Lair:1   | Killed Gastronok
  6456 | Lair:2   | Learned a level 5 spell: Borgnjor's Vile Clutch
  6475 | Lair:2   | Reached skill level 1 in Necromancy
  6475 | Lair:2   | Reached skill level 1 in Earth Magic
  6518 | Lair:2   | Found a hole to the Spider Nest.
  6532 | Lair:2   | Noticed a four-headed hydra
  6549 | Lair:2   | Killed a four-headed hydra
  6788 | Lair:3   | Reached XP level 13. HP: 72/79 MP: 24/29
  6819 | Lair:3   | Found a frozen archway.
  6902 | IceCv    | Entered an ice cave
  7275 | Lair:4   | Reached skill level 5 in Necromancy
  7332 | Lair:4   | Reached skill level 5 in Earth Magic
  7741 | Lair:5   | Received a gift from Sif Muna
  7742 | Lair:5   | Got Sif Muna's Grimoire of Malediction {god gift}
  7746 | Lair:5   | Found a transporter.
  7816 | Lair:5   | Found a transporter.
  7826 | Lair:5   | Found a one-way gate to the infinite horrors of the Abyss.
  7826 | Lair:5   | Noticed Ymidutt's ghost (journeyman GnFi)
  8007 | Lair:5   | Found an ornate altar of the Wu Jian Council.
  8083 | Lair:6   | Entered Level 6 of the Lair of Beasts
  8102 | Lair:6   | Found a basalt altar of Yredelemnul.
  8202 | Lair:6   | Learned a level 4 spell: Animate Dead
  8230 | Lair:6   | Reached XP level 14. HP: 63/86 MP: 12/30
  8404 | Lair:6   | Received a gift from Sif Muna
  8405 | Lair:6   | Got Sif Muna's Volume of Freezing Conjuration {god gift}
  8537 | Lair:6   | Reached skill level 10 in Necromancy
  8631 | Lair:6   | Reached skill level 1 in Shields
  8922 | Lair:6   | Identified the +6 flail of Pera Soy {spect, rC+}
  9080 | Lair:6   | Found a staircase to the Slime Pits.
  9306 | Lair:3   | Identified the +8 chain mail of Nepukhle {rF+ rC- Int+2}
  9364 | Lair:3   | Found a runed translucent door.
  9364 | Lair:3   | Noticed Killmatronix's ghost (journeyman SpBe)
  9495 | Lair:4   | Found a staircase to the Swamp.
  9744 | Orc:1    | Entered Level 1 of the Orcish Mines
  9949 | Orc:1    | Received a gift from Sif Muna
  9956 | Orc:1    | Found a runed translucent door.
  9966 | Orc:1    | Noticed Ziowonau's ghost (journeyman MiFi)
 10068 | Orc:2    | Entered Level 2 of the Orcish Mines
 10154 | Orc:2    | Noticed an orc warlord
 10180 | Orc:2    | Killed an orc warlord
 10222 | Orc:2    | Learned a level 7 spell: Ozocubu's Refrigeration
 10361 | Orc:2    | Reached skill level 10 in Ice Magic
 10500 | Orc:2    | Reached XP level 15. HP: 90/90 MP: 4/31
 10525 | Orc:2    | Reached skill level 11 in Ice Magic
 10532 | Orc:2    | Noticed an orc warlord
 10534 | Orc:2    | Received a gift from Sif Muna
 10539 | Orc:2    | Killed an orc warlord
 10547 | Orc:2    | Got Sif Muna's Collected Works on Earthen Malediction {god
                  | gift}
 10604 | Orc:2    | Found Unipugh's General Store.
 10605 | Orc:2    | Found Woprom's Jewellery Boutique.
 10606 | Orc:2    | Found Ruiza's Antique Armour Boutique.
 10606 | Orc:2    | Found Javaetitz's Antique Weapon Shop.
 10621 | Orc:2    | Bought a ring of flight for 262 gold pieces
 10626 | Orc:2    | Bought a potion of cancellation for 112 gold pieces
 10626 | Orc:2    | Bought a potion of brilliance for 56 gold pieces
 10626 | Orc:2    | Bought a wand of charming (6) for 112 gold pieces
 10674 | Orc:2    | Found a staircase to the Elven Halls.
 10697 | Elf:1    | Entered Level 1 of the Elven Halls
 10704 | Elf:1    | Reached skill level 12 in Ice Magic
 10717 | Elf:1    | Found Ukuojuc's Book Shop.
 10725 | Elf:1    | Bought the Handbook of Glacial Orientation for 756 gold
                  | pieces
 10731 | Elf:1    | Learned a level 5 spell: Freezing Cloud
 10769 | Elf:1    | Reached skill level 1 in Air Magic
 10933 | Elf:1    | Received a gift from Sif Muna
 10934 | Elf:1    | Got Aconk's Guide on Cloudy Snow {god gift}
 10943 | Elf:1    | Reached skill level 13 in Ice Magic
 10957 | Elf:1    | Found Ucewn's Magic Scroll Emporium.
 11121 | Elf:1    | HP: 4/90 [deep elf archer/arrow (6)]
 11150 | Elf:1    | Found Fabaokoa's General Store.
 11281 | Elf:1    | Found Umilicw's Book Shoppe.
 11306 | Elf:1    | Found a gateway to a bazaar.
 11337 | Elf:1    | Reached skill level 14 in Ice Magic
 11440 | Elf:1    | Reached XP level 16. HP: 32/92 MP: 16/34
 11441 | Elf:1    | Reached skill level 15 in Ice Magic
 11461 | Elf:2    | Noticed Roxanne
 11473 | Elf:2    | Found a runed translucent gate.
 11508 | Elf:2    | Identified the +3 broad axe "Taxy" {flame, Will+}
 11519 | Elf:2    | Killed from afar by a deep elf death mage

Illustrated notes

Levels and vault maps discovered:
D:1:      heliophobic_arrival_glass_houses, layout_loops_ring, serial_shops,
          nicolae_shop_crystal, basic_ecumenical_altar
D:2:      layout_basic, minmay_misc_feat_square, uniq_natasha
D:3:      layout_loops_corners, nemelex_dance_club_becter, uniq_jessica
D:4:      minmay_recursive_quarters, layout_rooms, serial_shops,
          nicolae_shop_waterfront, uniq_pikel, uniq_menkaure
D:5:      kennysheep_windowed_halls, layout_gridville,
          pdpol_wu_jian_five_deadly_venoms, mainiacjoe_overflow_boulevard,
          amcnicky_altar_gilded, regret_index_temple_of_mockery,
          okawaru_ov_weapons_minmay, minmay_between, uniq_sigmund,
          uniq_blork_the_orc
D:6:      layout_basic, nicolae_uskayaw_suspiria,
          nicolae_ru_great_annihilating_truth, kennysheep_slug_shrine,
          minmay_temple_entry_arrows, dk_rats_in_the_wall
D:7:      layout_basic, enter_bailey_6, serial_undead, serial_undead_c,
          serial_undead_a, serial_undead_c, serial_undead_c
D:8:      layout_rooms, lightli_temple_of_fire
D:9:      layout_roguey, kennysheep_orc_monster_closet_entryway,
          ploomutoo_gammafunk_ghost_potion_laboratory
D:10:     wad_woods_stonehenge, layout_loops_cross, dpeg_oklobed_lair,
          minmay_shop_grid_forest, minmay_ruffians, uniq_grum
D:11:     layout_irregular_city, gauntlet_entry_generic, bloody_trog
D:12:     regret_index_harrowing_hell_hive, layout_irregular_city,
          gammafunk_ghost_icy, uniq_nergalle, uniq_urug, uniq_rupert
Lair:1:   layout_gridlike, infiniplex_staircase_pool_2, lemuel_fruit_fields,
          grunt_megastairs_1, uniq_gastronok
Lair:2:   layout_chaotic_city, spider_nest_entry_webs
Lair:3:   layout_hall_layers, portal_ice_cave_demonic_guard,
          ebering_ghost_reflecting_pool, infiniplex_staircase_pool
Lair:4:   layout_regular_city, minmay_swamp_entry_worms, lemuel_fruit_fields,
          lemuel_fruit_tree
Lair:5:   layout_regular_city, basic_altar, gammafunk_ghost_abyssal_escape,
          serial_bayou_shore_b
Lair:6:   minmay_lair_end_frog_pond, layout_loops_ring, dpeg_slime_entry_corner,
          basic_altar, st_stairs_9, minivault_23
Orc:1:    cheibrodos_orc_guarddog, layout_caves, ebering_ghost_inner_flame
Orc:2:    st_orc_congregation, layout_diamond_mine
Elf:1:    eino_elf_arrival_sip, layout_geoelf_grid, serial_shops,
          bzr_in_the_mist, shop, nicolae_diamond_shop, shop_statue, shop_statue,
          hangedman_elven_crosses_minicolossus, grunt_megastairs_5
Elf:2:    nicolae_elf_blades_splatter_lattice [nicolae_blade_lattice],
          layout_loops_cross, uniq_roxanne, uniq_nikola

Skill      XL: |  1  2  3  4  5  6  7  8  9 10 11 12 13 14 15 16 |
---------------+-------------------------------------------------+-----
Ice Magic      | 5 6 7 8 9 10 14 15 | 15.3
Hexes          | 3 |  3.1
Spellcasting   | 6 8 10 12 | 12.0
Conjurations   | 4 5 6 8 |  8.0
Staves         | 3 5 8 10 12 | 12.0
Evocations     | 3 6 8 9 |  9.0
Invocations    | 4 7 8 |  8.0
Fighting       | 1 6 8 9 |  9.0
Dodging        | 3 8 10 | 10.0
Necromancy     | 3 8 12 | 12.0
Earth Magic    | 2 7 8 |  8.0
Shields        | 4 |  4.0
Air Magic      | 3 |  3.0
Stealth        | |  2.4

Action                   |  1- 3 |  4- 6 |  7- 9 | 10-12 | 13-15 | 16-18 || total
-------------------------+-------+-------+-------+-------+-------+-------++-------
Melee: Unarmed           |     7 |       |       |       |       |       ||     7
       Trident           |       |    19 |     2 |       |       |       ||    21
       Glaive            |       |       |    40 |    11 |       |       ||    51
       Halberd           |       |       |    24 |    11 |       |       ||    35
       Staff             |       |       |   182 |   374 |   890 |    10 ||  1456
       Bardiche          |       |       |     6 |    12 |       |       ||    18
Throw: Dart              |       |       |       |     4 |     4 |       ||     8
       Throwing net      |       |       |       |     1 |       |       ||     1
 Cast: Freeze            |    25 |    27 |    22 |    32 |     8 |       ||   114
       Frozen Ramparts   |     2 |    11 |    28 |    56 |    62 |       ||   159
       Ozocubu's Armour  |       |     4 |    30 |    43 |    62 |     1 ||   140
       Ensorcelled Hiber |       |     1 |       |       |       |       ||     1
       Hailstorm         |       |       |    20 |    76 |    62 |       ||   158
       Borgnjor's Vile C |       |       |       |       |    70 |    10 ||    80
       Animate Dead      |       |       |       |       |     6 |       ||     6
       Freezing Cloud    |       |       |       |       |     7 |     1 ||     8
Invok: Channel Magic     |       |       |     1 |     6 |    12 |     2 ||    21
Evoke: Wand              |       |       |       |     9 |    31 |       ||    40
       Tin of tremorston |       |       |       |       |     3 |       ||     3
       Box of beasts     |       |       |       |       |     1 |       ||     1
       Phial of floods   |       |       |       |       |     1 |       ||     1
  Use: Potion            |     2 |       |     6 |     3 |     1 |       ||    12
       Scroll            |       |       |     8 |     9 |     9 |     2 ||    28
 Stab: Sleeping          |       |     1 |     4 |     2 |       |       ||     7
       Paralysed         |       |       |     2 |       |       |       ||     2
       Distracted        |       |       |     1 |       |     1 |       ||     2
       Petrified         |       |       |       |       |     4 |       ||     4
       Petrifying        |       |       |       |       |     1 |       ||     1
Armor: Skin              |     5 |       |       |       |       |       ||     5
       Robe              |     1 |     9 |       |       |       |       ||    10
       Leather armour    |       |     1 |   109 |   149 |       |       ||   259
       Acid dragon scale |       |       |       |    53 |   408 |     7 ||   468
Dodge: Dodged            |     4 |    17 |   146 |   336 |   444 |     2 ||   949
Block: Buckler           |       |       |       |       |    37 |     2 ||    39

Table legend: (Time is in decaauts)
 A = Elapsed time spent in this place.
 B = Non-inter-level travel time spent in this place.
 C = Inter-level travel time spent in this place.
 D = Time resting spent in this place.
 E = Time spent auto-exploring this place.
 F = Levels seen in this place.
 G = Mean time per level.
                   A        B        C        D        E       F      G
               +--------+--------+--------+--------+--------+-----+--------+
         Total |  11413 |  11028 |    385 |      0 |      0 |  25 |  456.5 |
       Dungeon |   5523 |   5244 |    279 |      0 |      0 |  12 |  460.2 |
          Lair |   3174 |   3068 |    106 |      0 |      0 |   6 |  529.0 |
  Orcish Mines |    880 |    880 |      0 |      0 |      0 |   2 |  440.0 |
   Elven Halls |    805 |    805 |      0 |      0 |      0 |   2 |  402.5 |
        Bailey |    714 |    714 |      0 |      0 |      0 |   1 |  714.0 |
      Ice Cave |     97 |     97 |      0 |      0 |      0 |   1 |   97.0 |
      Gauntlet |    219 |    219 |      0 |      0 |      0 |   1 |  219.0 |
               +--------+--------+--------+--------+--------+-----+--------+

Top non-repeatable levels by time:
     D:5: 948 daAuts
  Lair:6: 871 daAuts
    D:10: 786 daAuts
   Elf:1: 752 daAuts
  Bailey: 714 daAuts
  Lair:4: 613 daAuts
  Lair:3: 580 daAuts
   Orc:2: 577 daAuts
     D:3: 557 daAuts
     D:9: 499 daAuts
     D:6: 478 daAuts
     D:7: 454 daAuts
     D:4: 439 daAuts
  Lair:2: 429 daAuts
     D:2: 411 daAuts
